 Seeded DCSS version 0.29-a0-451-gfbfa42419e (webtiles) character file.

Game seed: 23 (custom seed)

3108 Psyclone the Frost Mage (level 9, 67/67 HPs)
             Began as an Octopode Ice Elementalist on May 20, 2022.
             Was an Initiate of Gozag.
             Quit the game on level 7 of the Dungeon.
             The game lasted 00:17:20 (10721 turns).

Psyclone the Frost Mage (OpIE)                     Turns: 10721, Time: 00:17:20

Health: 67/67      AC:  1    Str:  9    XL:     9   Next: 90%
Magic:  15/15      EV: 20    Int: 33    God:    Gozag
Gold:   839        SH:  0    Dex: 19    Spells: 5/18 levels left

rFire   . . .      SeeInvis +   b - +0 dagger
rCold   + . .      Faith    .   (no shield)
rNeg    . . .      Spirit   .   (helmet restricted)
rPois   .          Reflect  .   h - amulet of the acrobat
rElec   .          Harm     .   l - ring of ice
rCorr   .          Rampage  .   o - +6 ring of dexterity
Will    .....                   q - +6 ring of intelligence
Stlth   +++.......              r - ring "Qiamon" {rF+ Will- EV+4 Str+2 Int+6}
HPRegen 0.21/turn               s - ring of see invisible
MPRegen 0.14/turn               f - +4 ring of slaying
                                (no ring)
                                (no ring)

@: no status effects
A: almost no armour, amphibious, 8 rings, camouflage 1, gelatinous body 1,
(nimble swimmer 1), tentacles, low MP 1, sense surroundings 1, robust 1
a: Renounce Religion, Potion Petition, Call Merchant, Bribe Branch


You were on level 7 of the Dungeon.
You worshipped Gozag.
Gozag was pleased with you.
You visited 2 branches of the dungeon, and saw 8 of its levels.

You collected 1991 gold pieces.
You paid 1152 gold pieces to Gozag.

Inventory:

Hand Weapons
 b - a +0 dagger (weapon)
Jewellery
 f - a +4 ring of slaying (on tentacle)
 h - an amulet of the acrobat (around mantle)
 l - a ring of ice (left tentacle)
 o - a +6 ring of dexterity (right tentacle)
 q - a +6 ring of intelligence (on tentacle)
 r - the ring "Qiamon" (on tentacle) {rF+ Will- EV+4 Str+2 Int+6}
   (You found it on level 4 of the Dungeon)

   [ring of evasion]

   EV:        It affects your evasion (+4).
   Str:       It affects your strength (+2).
   Int:       It affects your intelligence (+6).
   rF:        It protects you from fire.
   Will:      It decreases your willpower.
 s - a ring of see invisible (on tentacle)
Wands
 u - a wand of paralysis (10)
 w - a wand of polymorph (1)
 y - a wand of flame (21)
Scrolls
 c - 2 scrolls of teleportation
 d - 8 scrolls of identify {@r1}
 e - a scroll of blinking {unknown}
 k - 2 scrolls of fear {unknown}
 m - a scroll of enchant weapon {unknown}
 n - a scroll of immolation {unknown}
 p - 3 scrolls of fog {unknown}
Potions
 a - a potion of magic
 g - a potion of lignification
 i - 2 potions of haste
 j - 4 potions of flight
 t - 2 potions of invisibility {unknown}
 v - a potion of brilliance
 x - 2 potions of heal wounds {unknown}
 z - a potion of curing


   Skills:
 + Level 5.0 Fighting
 + Level 5.5 Dodging
 - Level 2.6 Stealth
 + Level 5.1 Spellcasting
 * Level 2.6 Conjurations
 * Level 2.7 Translocations
 * Level 2.8 Fire Magic
 - Level 9.4 Ice Magic


You had 5 spell levels left.
You knew the following spells:

 Your Spells              Type           Power      Damage    Failure   Level
a - Freeze                Ice            100%       1d11      1%          1
b - Frozen Ramparts       Ice            100%       1d12      1%          3
c - Ozocubu's Armour      Ice            82%        N/A       1%          3
e - Conjure Flame         Conj/Fire      26%        6-21      4%          3
f - Lesser Beckoning      Tloc           26%        N/A       4%          3

Your spell library contained the following spells:

 Spells                   Type           Power      Damage    Failure   Level
 Foxfire                  Conj/Fire      100%       2x1d9     1%          1
 Hailstorm                Conj/Ice       64%        3d14      3%          4
 Slow                     Hex            32%        N/A       4%          1
 Summon Small Mammal      Summ           32%        N/A       4%          1
 Gell's Gravitas          Tloc           26%        N/A       4%          3
 Teleport Other           Tloc           26%        N/A       4%          3
 Inner Flame              Hex/Fire       17%        N/A       8%          3
 Portal Projectile        Hex/Tloc       34%        N/A       9%          3
 Confusing Touch          Hex            8%         N/A       14%         3
 Tukima's Dance           Hex            8%         N/A       14%         3
 Vampiric Draining        Necr           8%         2d6       14%         3
 Flame Wave               Conj/Fire      26%        2d7       16%         4
 Airstrike                Air            4%         N/A       43%         4
 Petrify                  Tmut/Erth      8%         N/A       43%         4
 Summon Lightning Spire   Summ/Air       8%         N/A       43%         4
 Lightning Bolt           Conj/Air       8%         1d21      58%         5
 Blade Hands              Tmut           4%         N/A       78%         5
 Eringya's Noxious Bog    Tmut/Pois      4%         N/A       100%        6
 Summon Horrible Things   Summ           4%         N/A       100%        8


Dungeon Overview and Level Annotations

Branches:
Dungeon (7/15)             Temple (1/1) D:7

Altars:
Ashenzari
Cheibriados
Dithmenos
Elyvilon
Fedhas
Gozag
Hepliaklqana
Kikubaaqudgha
Makhleb
Nemelex Xobeh
Okawaru
Qazlal
Ru
Sif Muna
Trog
Uskayaw
Vehumet
Wu Jian
Xom
Yredelemnul
Zin
The Shining One

Shops:
D:7 =[


Innate Abilities, Weirdness & Mutations

You cannot wear most types of armour.
You are amphibious.
You can wear up to eight rings at the same time.
Your skin changes colour to match your surroundings (Stealth+).
Your rubbery body absorbs attacks. (AC +1, EV +1)
((You are camouflaged when in or above water. (Stealth+)))
You have tentacles for arms and can constrict up to eight enemies at once.
Your magical capacity is low. (-10% MP)
You passively map a small area around you.
You are robust. (+10% HP)


Message History

Key pressed, stopping explore.
There is an open gate here.
Done exploring.
Done exploring.
Done exploring.
(D) Dungeon (T) Temple
Where to? (Enter - D:7, ? - help)
Okay, then.
Done exploring.
Casting: Frozen Ramparts (safe; 1% risk of failure)
Confirm with . or Enter, or press ? or * to list all spells.
You can't see any susceptible monsters within range! (Use Z to cast anyway.) Search for what [Enter for "."]? goz
There is an open gate here.
There is an open gate here.
There is an opulent altar of Gozag here.
You curl up in front of the altar of Gozag.
Gozag welcomes you!
You pay a service fee of 93 gold.
You have enough gold to petition Gozag for potion effects.
You have enough gold to fund merchants seeking to open stores in the dungeon.
(D) Dungeon (T) Temple
Where to? (Enter - Temple @ (x,y), ? - help)
There is an open gate here.
There is a staircase back to the Dungeon here.
You climb upwards.
Welcome back to the Dungeon!
There is a staircase to the Ecumenical Temple here. [a] 648 gold - Zasykaot's Book Shop [b] 553 gold - Igredokh's Jewellery Boutique [c] 443 gold - Sosch's Armour Shop Fund which merchant?
Igredokh invites you to visit her Jewellery Boutique.
There is an entrance to Igredokh's Jewellery Boutique here.
You can access your shopping list by pressing '$'. [a] 685 gold - Cischyu's Weapon Emporium [b] 560 gold - Geirues's Distillery [c] 506 gold - Pomoh's Armour Shoppe Fund which merchant?
You no longer have enough gold to fund merchants seeking to open stores in the dungeon.
Pomoh invites you to visit his Armour Shoppe.
Are you sure you want to abandon this character and quit the game? (Confirm with "yes".)

..z.............# * ..
.......>........# , . ..
.....)........... ..,*
#.#....##.#.......#.
...*,#.#.##....#.........
* , . ..
.......#...#....#.#
,..,#.##.#.##.#...........
* ,
..#....#..........#..... ,
.. #∩@.#.#.##.##)..##.
,...##.#)>.#.#.....)..###.
#...)))......#...##.# ##
#...#)#.#....#..###.# ,*
...# #.#.#.##....# #.# ,,
?. ..........#.# #.# ,
..#.##.#.#.#.# #.#
##.#....#.#...# #.#
.............# #.####


There were no monsters in sight!

Vanquished Creatures
  A troll (D:6)
  3 water moccasins
  Edmund (D:5)
  3 ice beasts
  Pargi (D:3)
  A black bear (D:5)
  2 kobold brigands
  A phantom (D:5)
  3 bullfrogs
  A gnoll sergeant (D:7)
  4 scorpions
  2 necrophages (D:6)
  7 wights
  2 howler monkeys
  6 hounds
  2 orc priests
  2 jellies (D:6)
  Jessica (D:2)
  3 iguanas
  2 orc wizards (D:7)
  8 adders
  9 gnolls
  A white imp (D:5)
  2 ufetubi
  3 worms (D:4)
  A dart slug (D:1)
  11 orcs
  15 ball pythons
  8 endoplasms
  4 giant cockroaches
  12 goblins
  7 hobgoblins
  3 jackals (D:1)
  13 kobolds
  2 quokkas
  5 bats
  8 frilled lizards
  5 rats (D:3)
165 creatures vanquished.

Notes
Turn   | Place    | Note
-------+----------+-------------------------------------------
     0 | D:1      | Psyclone the Octopode Ice Elementalist began the quest for
                  | the Orb.
     0 | D:1      | Reached XP level 1. HP: 11/11 MP: 3/3
   397 | D:1      | Reached XP level 2. HP: 13/17 MP: 3/5
  1244 | D:1      | Reached XP level 3. HP: 12/21 MP: 1/6
  1248 | D:1      | Learned a level 3 spell: Frozen Ramparts
  1604 | D:1      | Reached skill level 5 in Ice Magic
  2570 | D:2      | Found a faded altar of an unknown god.
  2626 | D:2      | Noticed Jessica
  2632 | D:2      | Killed Jessica
  2633 | D:2      | Reached XP level 4. HP: 27/27 MP: 5/7
  3351 | D:2      | Identified a scroll of acquirement
  3351 | D:2      | Acquired 826 gold pieces
  3376 | D:3      | Reached skill level 6 in Ice Magic
  3696 | D:3      | Found an iron altar of Okawaru.
  3696 | D:3      | Found a stormy altar of Qazlal.
  3722 | D:3      | Got the Grimoire of Transmigration and Calling
  3746 | D:3      | Reached XP level 5. HP: 29/31 MP: 8/8
  3900 | D:3      | Noticed Pargi
  3904 | D:3      | Killed Pargi
  3905 | D:3      | Reached skill level 7 in Ice Magic
  4202 | D:3      | Reached XP level 6. HP: 36/36 MP: 9/9
  4640 | D:4      | Identified the ring "Qiamon" {rF+ Will- EV+4 Str+2 Int+6}
  4647 | D:4      | Acquired 854 gold pieces
  4983 | D:4      | Reached skill level 8 in Ice Magic
  4983 | D:4      | Reached XP level 7. HP: 30/41 MP: 5/10
  5154 | D:4      | Gained mutation: You are occasionally teleported next to
                  | monsters. [potion of mutation]
  5154 | D:4      | Gained mutation: You are dopey. (Int -2) [potion of
                  | mutation]
  5154 | D:4      | Gained mutation: You are robust. (+10% HP) [potion of
                  | mutation]
  5155 | D:4      | Lost mutation: You are dopey. (Int -2) [potion of mutation]
  5155 | D:4      | Lost mutation: You are occasionally teleported next to
                  | monsters. [potion of mutation]
  5155 | D:4      | Gained mutation: Your magical capacity is low. (-10% MP)
                  | [potion of mutation]
  5155 | D:4      | Gained mutation: You passively map a small area around you.
                  | [potion of mutation]
  6175 | D:5      | Entered Level 5 of the Dungeon
  6327 | D:5      | Reached skill level 9 in Ice Magic
  6676 | D:5      | Learned a level 3 spell: Ozocubu's Armour
  6688 | D:5      | Reached skill level 1 in Fighting
  6688 | D:5      | Reached XP level 8. HP: 46/52 MP: 4/10
  6843 | D:5      | Noticed Edmund
  6872 | D:5      | Killed Edmund
  7561 | D:6      | Noticed a troll
  7567 | D:6      | Killed a troll
  7750 | D:6      | Found the +18 Lear's hauberk
  7850 | D:6      | Reached XP level 9. HP: 52/63 MP: 9/13
  8122 | D:6      | Reached skill level 5 in Dodging
  8694 | D:6      | Learned a level 3 spell: Conjure Flame
  8698 | D:6      | Learned a level 3 spell: Lesser Beckoning
  9796 | D:6      | Reached skill level 1 in Fire Magic
  9801 | D:6      | Reached skill level 1 in Conjurations
  9801 | D:6      | Reached skill level 1 in Translocations
  9997 | D:7      | Found a staircase to the Ecumenical Temple.
 10014 | D:7      | Reached skill level 5 in Spellcasting
 10176 | D:7      | Reached skill level 5 in Fighting
 10219 | Temple   | Entered the Ecumenical Temple
 10682 | Temple   | Became a worshipper of Gozag Ym Sagoz the Greedy
 10721 | D:7      | Quit the game

Illustrated notes

Levels and vault maps discovered:
D:1:      dpeg_arrival_tiny_k, layout_loops_corners
D:2:      layout_basic, hellmonk_ecumenical_altar_zigzags, minmay_pentomino_s4,
          uniq_jessica
D:3:      layout_basic, chequers_temple_overflow_statue_of_worship, uniq_pargi
D:4:      minmay_opposing_rooms, layout_cave_pods, grunt_ministairs_1
D:5:      layout_basic, uniq_edmund
D:6:      layout_basic, hellmonk_guarded_unrand_lears
D:7:      layout_rooms, minmay_temple_entry_ruins, serial_bayou_pond_e,
          pf_guarded_unrand_woodcutter
Temple:   mainiacjoe_temple_big_plus

Skill      XL: |  1  2  3  4  5  6  7  8  9 |
---------------+----------------------------+-----
Ice Magic      | 5 6 7 8 9 |  9.4
Fighting       | 1 4 5 |  5.0
Dodging        | 4 5 |  5.5
Spellcasting   | 4 5 |  5.1
Fire Magic     | 2 |  2.8
Conjurations   | 2 |  2.6
Translocations | 2 |  2.7
Stealth        | |  2.6

Action                   |  1- 3 |  4- 6 |  7- 9 || total
-------------------------+-------+-------+-------++-------
Melee: Unarmed           |     1 |       |       ||     1
       Dagger            |    38 |    56 |   172 ||   266
       Constrict         |     8 |    13 |    25 ||    46
       Tentacles         |     5 |    12 |    33 ||    50
       Punch             |     1 |       |     3 ||     4
 Cast: Freeze            |    30 |    21 |     9 ||    60
       Frozen Ramparts   |       |     4 |    24 ||    28
       Ozocubu's Armour  |       |       |    11 ||    11
       Conjure Flame     |       |       |     7 ||     7
       Lesser Beckoning  |       |       |     5 ||     5
Invok: Call Merchant     |       |       |     2 ||     2
  Use: Scroll            |       |     3 |     2 ||     5
       Potion            |       |       |     8 ||     8
 Stab: Sleeping          |     7 |    13 |    13 ||    33
Armor: Skin              |     6 |     1 |    51 ||    58
Dodge: Dodged            |    46 |    50 |   132 ||   228

Table legend: (Time is in decaauts)
 A = Elapsed time spent in this place.
 B = Non-inter-level travel time spent in this place.
 C = Inter-level travel time spent in this place.
 D = Time resting spent in this place.
 E = Time spent auto-exploring this place.
 F = Levels seen in this place.
 G = Mean time per level.
                   A        B        C        D        E       F      G
               +--------+--------+--------+--------+--------+-----+--------+
         Total |  10697 |  10274 |    423 |   2539 |   6400 |   8 | 1337.1 |
       Dungeon |  10203 |   9864 |    339 |   2539 |   5999 |   7 | 1457.6 |
        Temple |    493 |    409 |     84 |      0 |    401 |   1 |  493.0 |
               +--------+--------+--------+--------+--------+-----+--------+

Top non-repeatable levels by time:
     D:6: 2446 daAuts
     D:1: 1930 daAuts
     D:4: 1915 daAuts
     D:2: 1435 daAuts
     D:5: 1283 daAuts
     D:3: 870 daAuts
  Temple: 493 daAuts
     D:7: 321 daAuts
